 Dungeon Crawl Stone Soup version 0.26.0-18-gc5c842f807 (webtiles) character file.

Game seed: 5065428035508111307

88 kaeus the Firebug (level 4, -1/24 HPs)
             Began as a Gargoyle Fire Elementalist on Jan 22, 2021.
             Slain by a worker ant (2 damage)
             ... on level 1 of the Dungeon.
             The game lasted 00:01:38 (2061 turns).

kaeus the Firebug (Gargoyle Fire Elementalist)      Turns: 2061, Time: 00:01:39

Health: -1/24      AC:  5    Str: 11    XL:     4   Next: 53%
Magic:  6/7        EV: 12    Int: 17    God:
Gold:   32         SH:  0    Dex: 10    Spells: 7/8 levels left

rFire    + . .     SeeInvis .   j - +0 whip (drain)
rCold    x . .     Faith    .   (no shield)
rNeg     + . .     Spirit   .   a - +0 robe
rPois    ∞         Reflect  .   (no helmet)
rElec    +         Harm     .   (no cloak)
rCorr    .         Rampage  .   (no gloves)
Will     .....                  (no boots)
Stlth    ++........             (no amulet)
HPRegen  0.08/turn              h - ring of fire
MPRegen  0.10/turn              (no ring)

@: no status effects
A: negative energy resistance 1, electricity resistance, unbreathing,
petrification resistance, miasma immunity, AC +3
a: no special abilities


You were on level 1 of the Dungeon.
You visited 1 branch of the dungeon, and saw 2 of its levels.

You collected 32 gold pieces.

Inventory:

Hand Weapons
 j - a +0 whip of draining (weapon)
Armour
 a - a +0 robe (worn)
Jewellery
 h - a ring of fire (left hand)
Scrolls
 b - a scroll of enchant weapon {unknown}
 c - 2 scrolls of blinking {unknown}
 d - a scroll of immolation {unknown}
 f - a scroll of magic mapping {unknown}
 l - a scroll of identify {unknown}
 m - a scroll of amnesia {unknown}
Potions
 e - a potion of degeneration {unknown}
 g - a potion of heal wounds {unknown}
 i - a potion of berserk rage {unknown}
 k - a potion of might {unknown}


   Skills:
 + Level 2.2 Dodging
 - Level 2.1 Stealth
 + Level 2.5 Spellcasting
 + Level 2.1 Conjurations
 * Level 4.0 Fire Magic


You had 7 spell levels left.
You knew the following spells:

 Your Spells              Type           Power        Failure   Level
a - Foxfire               Conj/Fire      72%          5%          1

Your spell library contained the following spells:

 Spells                   Type           Power        Failure   Level
 Conjure Flame            Conj/Fire      18%          16%         3
 Inner Flame              Hex/Fire       13%          24%         3
 Sticky Flame             Conj/Fire      18%          45%         4
 Fireball                 Conj/Fire      9%           82%         5


Dungeon Overview and Level Annotations

Branches:
Dungeon (2/15)

Altars:


Innate Abilities, Weirdness & Mutations

You are resistant to torment.
Your stone body is resilient. (AC +3)
You are immune to poison.
You resist negative energy. (rN+)
You are resistant to electric shocks. (rElec)
You can survive without breathing.
You are immune to petrification.
You are immune to miasma.


Message History

The worker ant misses you.
You take 6 damage, and have 7/24 hp.
MASSIVE DAMAGE!!
A worker ant is nearby!
You are too injured to fight recklessly!
A worker ant is nearby!
You are too injured to fight recklessly!
A worker ant is nearby!
You are too injured to fight recklessly!
There is a stone staircase leading up here.
The worker ant bites you.
* * * LOW HITPOINT WARNING * * *
You climb upwards.
There is a stone staircase leading down here.
You take 5 damage, and have 2/24 hp.
MASSIVE DAMAGE!!
Casting: Foxfire (safe; 5% risk of failure)
Confirm with . or Enter, or press ? or * to list all spells.
You feel a surge of power!
You conjure some foxfire!
The worker ant bites you.
* * * LOW HITPOINT WARNING * * *
The worker ant bites you.
You die...

######## #......# #########
#......# #.......# #......#
#.#####.#######
#####....(.####.....#.#.....#
†.................#.#.#.###.#
#######.....##(...#.#.#†# #.#
#####.......##.B#.#.#...# #.#
.........).....v@v..##### #.#
#####.#....#.##.######### #.#
##.†..#..#.#.##.........# #.#
...#####.###.##########.###.#
#..#####.....# #.....#
......######## #######
......# ......# ......#


You could see a worker ant.

Vanquished Creatures
  3 adders (D:2)
  2 worms (D:2)
  2 dart slugs
  3 ball pythons
  4 bats (D:1)
  7 giant cockroaches
  7 goblins
  4 hobgoblins
  2 jackals (D:1)
  8 kobolds (D:1)
  4 rats
46 creatures vanquished.

Vanquished Creatures (others)
  109 foxfires
109 creatures vanquished.

Grand Total: 155 creatures vanquished

Notes
Turn   | Place    | Note
-------+----------+-------------------------------------------
     0 | D:1      | kaeus the Gargoyle Fire Elementalist began the quest for
                  | the Orb.
     0 | D:1      | Reached XP level 1. HP: 10/10 MP: 3/3
   134 | D:1      | Reached XP level 2. HP: 3/15 MP: 5/5
   778 | D:1      | Reached XP level 3. HP: 19/19 MP: 0/6
  1658 | D:2      | Reached XP level 4. HP: 24/24 MP: 3/7
  1858 | D:2      | Reached skill level 4 in Fire Magic
  2061 | D:1      | HP: 1/24 [worker ant (2)]
  2061 | D:1      | Slain by a worker ant

Illustrated notes

Levels and vault maps discovered:
D:1:      tarquinn_simple_flora_water_d, layout_basic, minmay_pentomino_p4
D:2:      layout_loops_ring, st_stairs_5, tgw_fedhas, uniq_robin, uniq_sigmund

Skill      XL: |  1  2  3  4 |
---------------+-------------+-----
Dodging        | 2 |  2.2
Conjurations   | 2 |  2.1
Fire Magic     | 4 |  4.0
Stealth        | |  2.1
Spellcasting   | |  2.5

Action                   |  1- 3 |  4- 6 || total
-------------------------+-------+-------++-------
Melee: Short sword       |    45 |       ||    45
       Unarmed           |     1 |       ||     1
       Whip              |    16 |    41 ||    57
 Cast: Foxfire           |    68 |    18 ||    86
Armor: Robe              |    36 |    13 ||    49
Dodge: Dodged            |    47 |    22 ||    69
